 Dungeon Crawl Stone Soup version 0.31.0-32-g396128a36d (webtiles) character file.

Game seed: 1628737939510899386

14247 kalagan the Thaumaturge (level 11, -31/54 HPs)
             Began as a Deep Elf Conjurer on Apr 14, 2024.
             Was a Priest of Sif Muna.
             Annihilated by a boulder beetle (46 damage)
             ... on level 9 of the Dungeon.
             The game lasted 00:20:48 (11094 turns).

kalagan the Thaumaturge (Deep Elf Conjurer)        Turns: 11094, Time: 00:20:48

Health: -31/54     AC: 14    Str: 10    XL:     11   Next: 86%
Magic:  27/30      EV: 18    Int: 28    God:    Sif Muna [***...]
Gold:   463        SH:  0    Dex:  9    Spells: 25/36 levels left

rFire   . . .        g - +5 dagger
rCold   . . .        j - orb {light}
rNeg    . . .        L - +0 robe of the Blue Skies {Str+6 Dex-4 Stlth+ Archmagi}
rPois   +            n - +1 helmet
rElec   +            O - +0 cloak
rCorr   .            E - +2 pair of gloves
SInv    .            e - +1 pair of boots
Will    +....        y - amulet of Moras {RegenMP rElec rPois}
Stlth   +            l - +4 ring of protection
HPRegen 0.29/turn    v - +5 ring of evasion
MPRegen 0.62/turn

%: archmagi
@: glowing, studying Alchemy
A: no striking features
a: Renounce Religion, Channel Magic, Forget Spell


You were on level 9 of the Dungeon.
You worshipped Sif Muna.
Sif Muna was most pleased with you.
You visited 2 branches of the dungeon, and saw 10 of its levels.
You also visited: Ossuary.

You collected 555 gold pieces.
You spent 92 gold pieces at shops.

Inventory:

Hand Weapons
 g - a +5 dagger (weapon)
 t - the +3 long sword of the Establishment {protect, ^Contam rF+ rN++ Stlth+}
   (You found it on level 3 of the Dungeon)

   rF+:       It protects you from fire.
   rN++:      It greatly protects you from negative energy.
   ^Contam:   It causes magical contamination when unequipped.
   Stlth+:    It makes you more stealthy.
Missiles
 s - a throwing net
Armour
 e - a +1 pair of boots (worn)
 j - an orb of light (worn)
 n - a +1 helmet (worn)
 E - a +2 pair of gloves (worn)
 H - a +0 troll leather armour
 L - the +0 robe of the Blue Skies (worn) {Str+6 Dex-4 Stlth+ Archmagi}
   (You found it on level 7 of the Dungeon)

   Str+6:     It affects your strength (+6).
   Dex-4:     It affects your dexterity (-4).
   Stlth+:    It makes you more stealthy.
   Archmagi:  It increases the power of your magical spells.
 O - a +0 cloak (worn)
Magical Staves
 o - a staff of earth
 M - the staff "Izonabem" {rN+ Str+4 Necro}
   (You found it on level 7 of the Dungeon)

   [staff of death]

   Base accuracy: +5 Base damage: 5 Base attack delay: 1.2 This weapon's minimum
   attack delay (0.6) is reached at skill level 12.
   Str+4:     It affects your strength (+4).
   rN+:       It protects you from negative energy.
   Necro:     It increases the power of your Necromancy spells.
   It falls into the 'Staves' category.
   It is a one-handed weapon.
 N - a staff of air
Jewellery
 h - an amulet of reflection
 l - a +4 ring of protection (left hand)
 v - a +5 ring of evasion (right hand)
 y - the amulet of Moras (around neck) {RegenMP rElec rPois}
   (You acquired it on level 4 of the Dungeon)

   [amulet of magic regeneration]

   RegenMP:   It increases your rate of magic regeneration.
   rElec:     It insulates you from electricity.
   rPois:     It protects you from poison
 B - a ring of resist corrosion
 F - a ring of protection from cold
 J - a +6 ring of intelligence
Wands
 a - a wand of iceblast (12)
 x - a wand of polymorph (13)
Scrolls
 c - 2 scrolls of noise
 d - 3 scrolls of blinking
 f - 4 scrolls of teleportation
 k - a scroll of revelation
 z - 3 scrolls of torment
Potions
 b - 2 potions of magic
 i - 5 potions of heal wounds
 m - 5 potions of enlightenment
 p - 2 potions of attraction {unknown}
 q - a potion of cancellation {unknown}
 r - 3 potions of might {unknown}
 u - a potion of brilliance {unknown}
 w - 2 potions of haste {unknown}
 A - a potion of lignification {unknown}
 C - 4 potions of curing
 D - a potion of degeneration {unknown}
 G - a potion of berserk rage {unknown}
 I - a potion of ambrosia {unknown}
 K - a potion of resistance {unknown}
 P - a potion of mutation {unknown}


   Skills:
 + Level 3.0 Armour
 + Level 4.5 Dodging
 - Level 2.4 Stealth
 * Level 13.3 Spellcasting
 * Level 11.6 Conjurations
 + Level 3.4 Necromancy
 - Level 8.0 Translocations
 + Level 11.3 Alchemy
 + Level 4.4 Invocations
 - Level 2.0 Evocations


You had 25 spell levels left.
You knew the following spells:

 Your Spells              Type           Power      Damage    Failure   Level
a - Magic Dart            Conj           100%       1d8       1%          1
b - Searing Ray           Conj           100%       2d8       1%          2
d - Fulminant Prism       Conj/Alch      45%        3d20      1%          4
e - Iskenderun's Mystic   Conj/Tloc      84%        2d17      1%          4

Your spell library contained the following spells:

 Spells                   Type           Power      Damage    Failure   Level
 Gell's Gravitas          Tloc           76%        N/A       1%          3
 Teleport Other           Tloc           76%        N/A       1%          3
 Passage of Golubria      Tloc           76%        N/A       1%          4
 Summon Small Mammal      Summ           100%       N/A       3%          1
 Yara's Violent Unravell  Hex/Alch       33%        3d14      8%          5
 Call Canine Familiar     Summ           27%        N/A       9%          3
 Tukima's Dance           Hex            27%        N/A       9%          3
 Dispersal                Tloc           38%        N/A       17%         6
 Summon Blazeheart Golem  Fire/Summ      27%        N/A       28%         4


Dungeon Overview and Level Annotations

Branches:
Dungeon (9/15)             Temple (1/1) D:6             Orc (0/2) D:9
Ossuary (visited)
   Lair: D:8-11

Altars:
Ashenzari
Cheibriados
Dithmenos
Elyvilon
Gozag
Hepliaklqana
Kikubaaqudgha
Makhleb
Nemelex Xobeh
Okawaru
Qazlal
Sif Muna
Trog
Uskayaw
Vehumet
Wu Jian
Xom
Yredelemnul
Zin
The Shining One

Shops:
D:1 *   D:7 (

Annotations:
D:9 1 runed translucent door


Message History

Your fulminant prism explodes!
The blast of energy engulfs the boulder beetle!
The boulder beetle is severely wounded.
The blast of energy engulfs you!
* * * LOW HITPOINT WARNING * * *
Unknown command.
Okay, then.
The boulder beetle barely misses you.
Blink to where?
Press: ? - help, Dir - move target
As you read the scroll of blinking, it crumbles to dust.
Unknown command.
Casting: Fulminant Prism (safe; 1% risk of failure)
Confirm with . or Enter, or press ? or * to list all spells.
Aiming: Fulminant Prism (safe; 1% risk of failure)
Press: ? - help, Dir - move target You feel a surge of power!
You conjure a prism of explosive energy!
A fulminant prism comes into view.
Unknown command.
Found a scroll labelled NIELYD WIOMUR.
The boulder beetle curls into a ball and begins rolling!
Your fulminant prism crackles loudly.
You feel less invigorated.
Your fulminant prism explodes!
The blast of energy engulfs the boulder beetle!
The boulder beetle is almost dead.
Unknown command.
Casting: Fulminant Prism (safe; 1% risk of failure)
Confirm with . or Enter, or press ? or * to list all spells.
Aiming: Fulminant Prism (safe; 1% risk of failure)
Press: ? - help, Dir - move target You feel a surge of power!
You conjure a prism of explosive energy!
A fulminant prism comes into view.
Unknown command.
Your fulminant prism crackles loudly.
The boulder beetle hits you!!!
Ouch! That really hurt!
You die...

..)....##########...##
#.#
.....))).).........##
#)# .).)..)).###########
#####.### .....))..#
#..>..... ####...###
#.###.### # #...# #.#
#.### # ##.## ##### ###
##... # #.# ##...## ####
## #.########..@..#####
.## #.......#...B...#..#
#.# #########...○...#..#
## .##### #...°*..#?.#
#. .....# ##...°..##'##
## .###.# ##).))..##....
## .....#
##)).##.##8.... #.
.##### #...##..#......
#.+#
##########')##..##B.....
#...#


You could see a boulder beetle (rolling, ally target) and a friendly fulminant
prism.

Vanquished Creatures
  3 boulder beetles
  A centaur warrior (D:9)
  A two-headed ogre (D:9)
  An ugly thing (D:7)
  A gargoyle (D:7)
  2 komodo dragons
  A kobold demonologist (D:7)
  3 trolls (D:7)
  Grinder (D:4)
  A slime creature (D:7)
  2 shadows (D:7)
  3 wyverns
  11 yaks (D:9)
  A vampire (D:7)
  Eustachio (D:6)
  A steam dragon (D:9)
  2 acid dragons (D:9)
  2 water moccasins
  2 sky beasts
  A black bear (D:5)
  5 orc warriors (D:9)
  2 ogres
  7 centaurs
  3 phantoms
  2 kobold brigands (D:9)
  3 bullfrogs
  13 scorpions
  2 gnoll sergeants (D:9)
  17 wights
  13 killer bees
  2 bombardier beetles
  5 hounds
  A centaur zombie (Ossuary)
  2 human zombies (Ossuary)
  6 orc priests
  2 sleepcaps
  A gnoll bouda (D:7)
  3 scorpion zombies (Ossuary)
  6 orc wizards
  3 iguanas
  3 mummies (Ossuary)
  23 gnolls
  7 adders
  A white imp (D:7)
  2 ufetubi (D:4)
  3 adder zombies (Ossuary)
  2 ribbon worms
  3 dart slugs
  44 orcs
  7 ball pythons
  5 bats
  7 endoplasms
  4 giant cockroaches
  A gnoll zombie (Ossuary)
  10 goblins
  7 hobgoblins
  3 jackals (D:3)
  10 kobolds
  3 quokkas
  3 ball python zombies (Ossuary)
  3 frilled lizards
  4 jackal zombies (Ossuary)
  4 orc zombies (Ossuary)
  6 rats
  A butterfly (D:6)
305 creatures vanquished.

Vanquished Creatures (others)
  109 fulminant prisms
109 creatures vanquished.

Grand Total: 414 creatures vanquished

Notes
Turn   | Place    | Note
-------+----------+-------------------------------------------
     0 | D:1      | kalagan the Deep Elf Conjurer began the quest for the Orb.
     0 | D:1      | Reached XP level 1. HP: 10/10 MP: 6/6
    11 | D:1      | Found Mayt's Assorted Antiques.
   563 | D:1      | Reached XP level 2. HP: 15/15 MP: 5/8
   566 | D:1      | Learned a level 2 spell: Searing Ray
   683 | D:1      | Reached skill level 1 in Alchemy
  1384 | D:2      | Reached XP level 3. HP: 19/19 MP: 0/10
  1751 | D:2      | Reached skill level 4 in Spellcasting
  2057 | D:2      | Reached skill level 5 in Conjurations
  2177 | D:2      | Reached XP level 4. HP: 24/24 MP: 8/12
  3064 | D:3      | Reached XP level 5. HP: 20/28 MP: 5/14
  3461 | D:3      | Identified the +3 long sword of the Establishment {protect,
                  | ^Contam rF+ rN++ Stlth+}
  3494 | D:3      | Reached skill level 5 in Spellcasting
  3988 | D:3      | Noticed a phantom
  3994 | D:3      | Killed a phantom
  3995 | D:3      | Reached XP level 6. HP: 32/32 MP: 9/16
  4250 | D:4      | Reached skill level 6 in Spellcasting
  4414 | D:4      | Noticed Grinder
  4421 | D:4      | Killed Grinder
  4422 | D:4      | Reached XP level 7. HP: 23/36 MP: 10/19
  4673 | D:4      | Learned a level 4 spell: Fulminant Prism
  4678 | D:4      | Learned a level 4 spell: Iskenderun's Mystic Blast
  4695 | D:4      | Reached skill level 5 in Alchemy
  5161 | D:4      | Reached skill level 7 in Spellcasting
  5161 | D:4      | Reached skill level 1 in Translocations
  5332 | D:4      | Found a hazy altar of Hepliaklqana.
  5333 | D:4      | Found a radiant altar of Vehumet.
  5334 | D:4      | Found a snail-covered altar of Cheibriados.
  5335 | D:4      | Found a glowing golden altar of the Shining One.
  5337 | D:4      | Identified a scroll of acquirement
  5337 | D:4      | Acquired the amulet of Moras {RegenMP rElec rPois}
  5388 | D:5      | Entered Level 5 of the Dungeon
  5451 | D:5      | Reached XP level 8. HP: 36/41 MP: 16/21
  5456 | D:5      | Reached skill level 1 in Invocations
  5716 | D:5      | Reached skill level 8 in Spellcasting
  5852 | D:5      | Found an ancient bone altar of Kikubaaqudgha.
  6119 | D:6      | Found a staircase to the Ecumenical Temple.
  6132 | Temple   | Entered the Ecumenical Temple
  6151 | Temple   | Became a worshipper of Sif Muna the Loreminder
  6207 | D:6      | Found a sand-covered staircase.
  6214 | Ossuary  | Entered an ossuary
  6285 | Ossuary  | Reached skill level 9 in Spellcasting
  6291 | Ossuary  | Reached XP level 9. HP: 45/45 MP: 10/24
  6399 | Ossuary  | Reached * piety under Sif Muna
  6794 | D:6      | Noticed Eustachio
  6821 | D:6      | Killed Eustachio
  6925 | D:1      | Bought a scroll of identify for 64 gold pieces
  6925 | D:1      | Bought a murky orange potion for 28 gold pieces
  7736 | D:7      | Noticed a komodo dragon
  7742 | D:7      | Killed a komodo dragon
  7743 | D:7      | Reached skill level 10 in Spellcasting
  7743 | D:7      | Reached skill level 5 in Translocations
  7901 | D:7      | Reached ** piety under Sif Muna
  7972 | D:7      | Found a glowing silver altar of Zin.
  7973 | D:7      | Found a hazy altar of Hepliaklqana.
  7973 | D:7      | Found a glowing silver altar of Zin.
  7973 | D:7      | Found a shimmering blue altar of Sif Muna.
  7986 | D:7      | Noticed a kobold demonologist
  7986 | D:7      | Noticed a boulder beetle
  7989 | D:7      | Killed a kobold demonologist
  7994 | D:7      | Killed a boulder beetle
  7995 | D:7      | Reached XP level 10. HP: 50/50 MP: 10/26
  8058 | D:7      | Reached skill level 11 in Spellcasting
  8066 | D:7      | Reached skill level 10 in Conjurations
  8090 | D:7      | Noticed a purple ugly thing
  8100 | D:7      | Killed a purple ugly thing
  8109 | D:7      | Noticed a gargoyle
  8116 | D:7      | Killed a gargoyle
  8117 | D:7      | Reached skill level 1 in Armour
  8117 | D:7      | Reached skill level 10 in Alchemy
  8330 | D:7      | Noticed a boulder beetle
  8349 | D:7      | Killed a boulder beetle
  8350 | D:7      | Reached skill level 12 in Spellcasting
  8350 | D:7      | Identified the +0 robe of the Blue Skies {Str+6 Dex-4
                  | Stlth+ Archmagi}
  8352 | D:7      | Identified the staff "Izonabem" {rN+ Str+4 Necro}
  8557 | D:7      | Found Qomom's Weapon Emporium.
  9053 | D:8      | Found an opulent altar of Gozag.
  9127 | D:8      | Reached XP level 11. HP: 54/54 MP: 25/29
  9852 | D:9      | Reached *** piety under Sif Muna
  9858 | D:9      | Reached skill level 1 in Necromancy
  9903 | D:9      | Reached skill level 1 in Evocations
 10233 | D:9      | Found a staircase to the Orcish Mines.
 10606 | D:9      | Found a runed translucent door.
 10776 | D:9      | Found a runed translucent door.
 11024 | D:9      | Reached **** piety under Sif Muna
 11033 | D:9      | Noticed a boulder beetle
 11040 | D:9      | Noticed a centaur warrior
 11042 | D:9      | Killed a centaur warrior
 11043 | D:9      | Reached skill level 13 in Spellcasting
 11046 | D:9      | Noticed a two-headed ogre
 11050 | D:9      | Killed a two-headed ogre
 11050 | D:9      | Identified the +1 leather armour of Compression {Harm
                  | Stlth+}
 11066 | D:9      | Killed a boulder beetle
 11070 | D:9      | Noticed a boulder beetle
 11084 | D:9      | Noticed a boulder beetle
 11094 | D:9      | Annihilated by a boulder beetle

Illustrated notes

Levels and vault maps discovered:
D:1:      roderic_crossed_star, layout_loops_corners, serial_shops,
          nicolae_diamond_shop, amcnicky_mini_rare_corridor_liquid
D:2:      minmay_alternating_diamond, layout_loops_corners,
          guppyfry_early_orc_mine
D:3:      layout_basic, hangedman_abyss_or_decor_stabs
D:4:      layout_cave_pools, mainiacjoe_overflow_alcove_3, minmay_manual_mares,
          uniq_grinder
D:5:      layout_cave_pools, mainiacjoe_overflow_alcove_2
D:6:      layout_loops_cross, minmay_temple_entry_butterflies,
          chequers_ossuary_entry_cave, uniq_eustachio
D:7:      minmay_the_grid_octo_2x2 [minmay_the_grid_octo_fan_narrow,
          minmay_the_grid_octo_shrine, minmay_the_grid_octo_teeth,
          minmay_the_grid_octo_prize_star], layout_cave_pools, serial_shops,
          nicolae_inconvenience_store
D:8:      layout_basic, general_overflow_altar
D:9:      cheibrodos_histonic, layout_loops_ring, david_orc_3,
          minmay_misc_feat_room
Temple:   nicolae_temple_bog_church

Skill      XL: |  1  2  3  4  5  6  7  8  9 10 11 |
---------------+----------------------------------+-----
Alchemy        | 1 2 3 4 6 7 9 10 11 | 11.3
Spellcasting   | 4 5 6 7 9 10 12 13 | 13.3
Conjurations   | 5 6 7 8 9 10 11 | 11.6
Translocations | 1 3 6 7 8 |  8.0
Invocations    | 1 3 4 |  4.4
Armour         | 1 3 |  3.0
Necromancy     | 3 |  3.4
Evocations     | 2 |  2.0
Dodging        | 4 |  4.5
Stealth        | |  2.4

Action                     |  1- 3 |  4- 6 |  7- 9 | 10-12 || total
---------------------------+-------+-------+-------+-------++-------
  Melee: Unarmed           |    10 |       |       |       ||    10
         Dagger            |       |     1 |     1 |     6 ||     8
   Cast: Magic Dart        |    49 |     6 |       |       ||    55
         Searing Ray       |    19 |    42 |    45 |     6 ||   112
         Fulminant Prism   |       |       |    37 |    73 ||   110
         Iskenderun's Myst |       |       |    12 |    63 ||    75
 Invoke: Channel Magic     |       |       |       |     8 ||     8
  Evoke: Wand              |       |       |       |     2 ||     2
    Use: Scroll            |       |     4 |    11 |     2 ||    17
 Armour: Robe              |    31 |     9 |    42 |    30 ||   112
  Dodge: Dodged            |    30 |     9 |    89 |    33 ||   161
